[Event "Late-Titled-Tuesday-Blitz-February-06-2024"]
[Site "Chess.com"]
[Date "2024.02.06"]
[Round "1"]
[White "N_Mullodzhanov"]
[Black "Igor_Lysyj"]
[Result "0-1"]
[WhiteElo "2472"]
[BlackElo "2886"]
[TimeControl "180+1"]
[EndTime "14:07:07 PST"]
[Termination "Igor_Lysyj won by checkmate"]

1. e4 e5 2. Nf3 Nc6 3. Bc4 Bc5 4. c3 Nf6 5. d4 exd4 6. cxd4 Bb4+ 7. Nc3 Nxe4 8. O-O Bxc3 9. bxc3 d5 10. Bd3 O-O 11. Qc2 Bf5 12. Rb1 b6 13. a4 a6 14. Ba3 Re8 15.
Rfe1 Bg6 16. g3 Qd7 17. Kg2 Re6 18. Nh4 Na5 19. Nxg6 hxg6 20. Bxe4 dxe4 21. Rxe4 Qd5 22. f3 Rae8 23. Rbe1 Nc4 24. Bc1 f5 25. Rxe6 Rxe6 26.
Rxe6 Qxe6 27. Kf2 c6 28. Bg5 a5 29. h4 b5 30. Qa2 Qd5 31. Qe2 Qd7 32. g4 fxg4 33.
fxg4 Qd6 34. Kg2 Qd5+ 35. Kh2 bxa4 36. Qe8+ Kh7 37. Qe7 Qd6+ 38. Qxd6 Nxd6 39. c4 Nxc4 40. Be7 a3 41. Bxa3 Nxa3 42. Kg3 Nb5 43. h5 gxh5 44.
gxh5 a4 45. Kf4 a3 46. d5 cxd5 47. Kg5 a2 48. Kg4 a1=Q 49. Kh4 Qf6+ 50. Kg4 Kh6 51. Kh3 Kxh5 52. Kg3 Qf7 53. Kh3 Qf3+ 54. Kh2 Kg4 55.
Kg1 Qe2 56. Kh1 Kg3 57. Kg1 Qe1# 0-1

[Event "Late-Titled-Tuesday-Blitz-February-06-2024"]
[Site "Chess.com"]
[Date "2024.02.06"]
[Round "1"]
[White "Gryffindorac8"]
[Black "brm72"]
[Result "1-0"]
[WhiteElo "2366"]
[BlackElo "2650"]
[TimeControl "180+1"]
[EndTime "14:07:07 PST"]
[Termination "Gryffindorac8 won by resignation"]

1. d4 e6 2. c4 Nf6 3. Nf3 b6 4. g3 Bb7 5. Bg2 c5 6. d5 exd5 7. Nh4 d6 8. O-O Nbd7 9. Nc3 Be7 10. cxd5 O-O 11. Nf5 Ne5 12. e4 Re8 13. f4 Ng6 14. Qc2 Bf8 15. Bd2 Bc8 16. Ne3 h5 17. Rae1 h4 18. a4 hxg3 19. hxg3 a6 20. Qb3 Rb8 21. Rf2 b5 22. Qc2 b4 23. Ncd1 Nh5 24. Nf1 Bd7 25.
Nde3 b3 26. Qc4 a5 27. Bc3 Bc8 28. e5 dxe5 29. f5 Ngf4 30. gxf4 exf4 31. Rxf4 Nxf4 32. Qxf4 Bd6 33. Qg4 f6 34. Re2 Ba6 35. Rd2 Qe7 36.
Nc4 Bxc4 37. Qxc4 Qe1 38. Rd3 Re2 39. Bxe1 1-0

[Event "Late-Titled-Tuesday-Blitz-February-06-2024"]
[Site "Chess.com"]
[Date "2024.02.06"]
[Round "1"]
[White "ElDivis"]
[Black "CarlosjPineror"]
[Result "1-0"]
[WhiteElo "2394"]
[BlackElo "2697"]
[TimeControl "180+1"]
[EndTime "14:07:08 PST"]
[Termination "ElDivis won by resignation"]

1. d4 Nf6 2. Nf3 e6 3. e3 c5 4. Bd3 b6 5. O-O Bb7 6. c4 d6 7. Nc3 a6 8. d5 exd5 9. cxd5 b5 10. e4 Be7 11. h3 O-O 12. Bf4 Nbd7 13. Rc1 Re8 14.
Re1 Bf8 15. a3 Rc8 16. b4 g6 17. Bb1 Qb6 18. Qd2 Bg7 19. e5 dxe5 20. Nxe5 cxb4 21. axb4 h5 22. Ba2 a5 23. bxa5 Qxa5 24. d6 Rf8 25. Nxg6 b4 26. Ne7+ Kh8 27. Ncd5 Rxc1 28. Rxc1 Qa8 29.
Bh6 Bxd5 30. Bxg7+ Kxg7 31. Bxd5 Ne5 32. Bxa8 Rd8 33.
Nf5+ Kf8 34. Bf3 Ng6 35. Qh6+ Ke8 36. Bc6+ 1-0

[Event "Late-Titled-Tuesday-Blitz-February-06-2024"]
[Site "Chess.com"]
[Date "2024.02.06"]
[Round "1"]
[White "zverr1"]
[Black "Alina_Gumerovna"]
[Result "1-0"]
[WhiteElo "2566"]
[BlackElo "2099"]
[TimeControl "180+1"]
[EndTime "14:07:08 PST"]
[Termination "zverr1 won on time"]

1. e4 e5 2. Nf3 Nf6 3. Nc3 Bb4 4. Nxe5 O-O 5. Nd3 Bxc3 6. dxc3 Nxe4 7. c4 d5 8. cxd5 Qxd5 9. Be2 Nc6 10. O-O Bf5 11. Bf3 Nd4 12. c4 Qxc4 13. b3 Qe6 14. Nf4 Nxf3+ 15. gxf3 Qe5 16. fxe4 Qxa1 17. exf5 Qf6 18.
Qg4 Rfd8 19. Nh5 Qd4 20. Bf4 Rd7 21. Kg2 f6 22. Ng3 Re8 23. Qf3 a5 24. Rc1 c6 25.
Rc4 Qd5 26. Rc2 b5 27. Rxc6 Qxf3+ 28. Kxf3 Rd5 29. Rd6 Rc5 30. Rd7 a4 31. Nh5 1-0

[Event "Late-Titled-Tuesday-Blitz-February-06-2024"]
[Site "Chess.com"]
[Date "2024.02.06"]
[Round "1"]
[White "boguszp"]
[Black "guillembaches"]
[Result "1/2-1/2"]
[WhiteElo "2109"]
[BlackElo "2556"]
[TimeControl "180+1"]
[EndTime "14:07:09 PST"]
[Termination "Game drawn by repetition"]

1. d4 d5 2. Bf4 e6 3. e3 Nf6 4.
Nd2 c5 5. c3 Nc6 6. Bd3 Bd6 7.
Bg3 O-O 8. f4 Ne7 9. Ngf3 Nf5 10. Bf2 Be7 11. O-O b6 12. Qe2 Nd6 13. e4 dxe4 14.
Nxe4 cxd4 15. Nxd4 Bb7 16. Ng5 Qd7 17. Rad1 h6 18.
Ngf3 Rad8 19. Ne5 Qc7 20. Nxf7 Rxf7 21. Nxe6 Qc6 22. Bd4 Re8 23. Be5 Bf8 24. Bxd6 Rxe6 25. Be5 Kh8 26. Bc4 Rfe7 27. Bxe6 Rxe6 28. Rd8 Re8 29. Rfd1 Bc5+ 30. Kh1 Kh7 31. Rxe8 Qxe8 32. Re1 Qg6 33. Bxf6 Qxf6 34. Qd3+ Kg8 35. Re8+ Bf8 36.
Qc4+ Kh7 37. Qd3+ Kg8 38. Qc4+ Kh7 39. Qd3+ Kg8 1/2-1/2

[Event "Late-Titled-Tuesday-Blitz-February-06-2024"]
[Site "Chess.com"]
[Date "2024.02.06"]
[Round "1"]
[White "VladimirKramnik"]
[Black "JackRodgers"]
[Result "1-0"]
[WhiteElo "2922"]
[BlackElo "2490"]
[TimeControl "180+1"]
[EndTime "14:07:11 PST"]
[Termination "VladimirKramnik won by resignation"]

1. e4 c5 2. Nf3 g6 3. c3 Bg7 4.
d4 cxd4 5. cxd4 d5 6. e5 Bg4 7.
Bb5+ Nd7 8. O-O a6 9. Bxd7+ Qxd7 10. Nc3 e6 11. h3 Bxf3 12. Qxf3 Ne7 13. Bg5 O-O 14. Rad1 b5 15. Bf6 Rfc8 16. h4 Nc6 17. h5 Na5 18. Bxg7 Kxg7 19. Qf6+ Kf8 20. Rd3 Qd8 21.
Qh8+ Ke7 22. Qxh7 gxh5 23. Rf3 Qg8 24. Qxh5 Nc4 25. Rg3 Qh8 26. Qg5+ Kd7 27. Qf4 Qh7 28. Rh3 Qg7 29. b3 Na5 30. Rf3 Rf8 31. Rc1 Rac8 32. Ne2 Rxc1+ 33. Nxc1 Nc6 34. Nd3 Qg6 35.
Nc5+ Kc8 36. Qc1 Kb8 37. Nd7+ Kc7 38. Nxf8 1-0

[Event "Late-Titled-Tuesday-Blitz-February-06-2024"]
[Site "Chess.com"]
[Date "2024.02.06"]
[Round "1"]
[White "Rawnsdale"]
[Black "igorkovalenko"]
[Result "0-1"]
[WhiteElo "2514"]
[BlackElo "2994"]
[TimeControl "180+1"]
[EndTime "14:07:12 PST"]
[Termination "igorkovalenko won by resignation"]

1. e4 c5 2. Nf3 d6 3. d4 cxd4 4. Nxd4 Nf6 5. Nc3 a6 6. Rg1 Nc6 7. g4 h6 8. Be3 Nxd4 9. Qxd4 e5 10. Qd1 Be6 11. h4 g6 12. g5 hxg5 13. hxg5 Nh5 14. Be2 Rc8 15. Qd2 Bg7 16. O-O-O Rc6 17. Kb1 Nf4 18. Bxf4 exf4 19. Nd5 Bxd5 20. exd5 Rb6 21. c3 Be5 22. Bc4 Rh3 23. Bb3 Kf8 24. Rh1 Rxh1 25. Rxh1 Qxg5 26. f3 Qg3 27. Qe2 Rb5 28. c4 Rc5 29. Bc2 Rc8 30. Rc1 Kg7 31. Bd3 b6 32. a4 a5 33. Be4 Rh8 34. Rc2 Rh1+ 35. Ka2 Qg1 36. Kb3 Qc5 37. Qd2 Ra1 38. Rc1 Rxc1 39.
Qxc1 Qb4+ 40. Ka2 Qxa4+ 41. Kb1 Qb4 42. Qc2 f5 43. Bd3 Qe1+ 44. Ka2 Qe3 45. Qd1 Kf6 46. Bc2 Qf2 47. Qd3 Qe3 48. Qd1 Qc5 49. Bb3 Qb4 50.
Qc2 g5 51. Ba4 g4 52. fxg4 fxg4 53. Bd7 Qxb2+ 54. Qxb2 Bxb2 55. Kxb2 Kg5 56. Kc2 f3 57. Kd2 Kf4 58. Ke1 g3 59. Kf1 Ke3 60. Bg4 a4 61. c5 bxc5 62. Bd7 a3 63. Ba4 a2 0-1

[Event "Late-Titled-Tuesday-Blitz-February-06-2024"]
[Site "Chess.com"]
[Date "2024.02.06"]
[Round "1"]
[White "Binary010"]
[Black "ccccvhhhj"]
[Result "1-0"]
[WhiteElo "2850"]
[BlackElo "2456"]
[TimeControl "180+1"]
[EndTime "14:07:12 PST"]
[Termination "Binary010 won on time"]

1. e4 e6 2. d4 d5 3. Nd2 Nc6 4. Ngf3 g5 5. Bb5 Bd7 6. exd5 exd5 7. O-O Qf6 8. Nb3 h6 9. Re1+ Nge7 10. Nc5 O-O-O 11. Nxd7 Rxd7 12. Ne5 Rd6 13. c3 Bg7 14.
a4 a6 15. Bd3 Re6 16. Nxc6 Rxe1+ 17. Qxe1 Nxc6 18. Bd2 Qe6 19. Qd1 f5 20. b4 f4 21. b5 Nb8 22. Qh5 Re8 23. Re1 Qxe1+ 24. Bxe1 Rxe1+ 25. Bf1 axb5 26. axb5 Nd7 27. Qf7 Bf6 28.
Qg8+ Bd8 29. Qxd5 Nb6 30. Qf5+ Kb8 31. g3 Nc4 32. Qf8 Kc8 33. Kg2 Nd2 34. Bd3 f3+ 35. Kh3 Ne4 36. Bxe4 Rxe4 37. Qf5+ Kb8 38. Qxe4 1-0

[Event "Late-Titled-Tuesday-Blitz-February-06-2024"]
[Site "Chess.com"]
[Date "2024.02.06"]
[Round "1"]
[White "IraZyne"]
[Black "Mazetovic"]
[Result "1-0"]
[WhiteElo "2329"]
[BlackElo "2617"]
[TimeControl "180+1"]
[EndTime "14:07:13 PST"]
[Termination "IraZyne won by resignation"]

1. e4 c5 2. Nc3 Nc6 3. g3 h5 4. h3 g6 5. Bg2 Bg7 6. d3 d6 7. Nge2 Rb8 8. Be3 b5 9. Qd2 b4 10. Nd1 a5 11. O-O Nf6 12. f4 h4 13. g4 Qb6 14. f5 Ba6 15. Nf4 gxf5 16. exf5 Nd7 17. Nd5 Qd8 18. Qe2 Nd4 19. Qf2 Ne5 20. Kh1 e6 21.
fxe6 fxe6 22. Nf4 Rf8 23. Qd2 Kd7 24. Nf2 Ndf3 25. Qe2 Bb7 26. Ne4 Bxe4 27. dxe4 Nd4 28. Qd2 Qb6 29. b3 Nb5 30. Rad1 Nd4 31. Nd3 Nxd3 32.
Qxd3 Be5 33. Bg5 Kc6 34. Bxh4 Rh8 35. Bg3 Bxg3 36. Qxg3 e5 37. Rf6 Qc7 38. Rdf1 Qe7 39. Qd3 Qh7 40. Qa6+ Rb6 41. Rxd6+ Kxd6 42. Qxb6+ Nc6 43.
Rd1+ Ke7 44. Qxc6 1-0

[Event "Late-Titled-Tuesday-Blitz-February-06-2024"]
[Site "Chess.com"]
[Date "2024.02.06"]
[Round "1"]
[White "szachmistrz2500"]
[Black "jcibarra"]
[Result "1-0"]
[WhiteElo "2494"]
[BlackElo "2880"]
[TimeControl "180+1"]
[EndTime "14:07:14 PST"]
[Termination "szachmistrz2500 won by checkmate"]

1. d4 Nf6 2. Nf3 g6 3. c4 d6 4.
Nc3 Bf5 5. Qb3 b6 6. g3 Bg7 7. Bg2 Nc6 8. O-O O-O 9. d5 Na5 10. Qb4 c5 11. dxc6 Nxc6 12. Qa4 Rc8 13. Rd1 Na5 14.
b3 Ne4 15. Nxe4 Bxa1 16. Nd4 Bd7 17. Qa3 d5 18. cxd5 Bxd4 19. Rxd4 Qc7 20. Bh6 Rfe8 21. d6 Qc2 22. h4 f5 23. dxe7 fxe4 24. Rxd7 Qc6 25.
Bh3 Qf6 26. Bg5 Qf7 27. Rd8 Rc7 28. Qd6 Rxe7 29. Bxe7 Nb7 30. Rxe8+ Qxe8 31. Be6+ Kg7 32.
Qe5+ Kh6 33. Bg5+ Kh5 34. g4# 1-0

[Event "Late-Titled-Tuesday-Blitz-February-06-2024"]
[Site "Chess.com"]
[Date "2024.02.06"]
[Round "1"]
[White "Vicmary2005"]
[Black "DucksParadise"]
[Result "0-1"]
[WhiteElo "1997"]
[BlackElo "2545"]
[TimeControl "180+1"]
[EndTime "14:07:14 PST"]
[Termination "DucksParadise won on time"]

1. e4 c6 2. d4 d5 3. Nc3 dxe4 4. Nxe4 Nf6 5. Ng3 h5 6. h4 c5 7. Bb5+ Nc6 8. c3 cxd4 9. Nf3 Bg4 10. Bxc6+ bxc6 11. cxd4 e6 12. Be3 Bb4+ 13. Bd2 Bxd2+ 14. Qxd2 Bxf3 15. gxf3 Qd5 16. O-O-O Qxa2 17. Qc3 O-O 18. Ne4 Nd5 19. Qa3 Qxa3 20. bxa3 Rab8 21. Rhg1 Rb3 22. Rg5 g6 23. Rdg1 Rxf3 24. Rxh5 Rxa3 25. Kb2 Ra4 26. Rhg5 Rb8+ 27. Kc2 Rxd4 28. f3 Rdb4 29. h5 Rb2+ 30. Kd3 Rb1 31. hxg6 Nf4+ 32. Ke3 Nxg6 33. Nf6+ Kg7 34.
Nh5+ Kf8 35. R1g2 R8b2 36. R2g4 Rb5 0-1

[Event "Late-Titled-Tuesday-Blitz-February-06-2024"]
[Site "Chess.com"]
[Date "2024.02.06"]
[Round "1"]
[White "vovachesss"]
[Black "ATM622"]
[Result "1-0"]
[WhiteElo "2831"]
[BlackElo "2447"]
[TimeControl "180+1"]
[EndTime "14:07:15 PST"]
[Termination "vovachesss won by resignation"]

1. e4 c6 2. d4 d5 3. e5 Bf5 4.
Nf3 e6 5. Be2 Nd7 6. O-O Ne7 7.
c3 Bg6 8. Nh4 Nf5 9. Nxf5 Bxf5 10. g4 Bg6 11. f4 Be4 12. Nd2 f5 13. exf6 Nxf6 14. g5 Nd7 15. Nxe4 dxe4 16. Bc4 Qe7 17. Qg4 h5 18. Qxe6 Nb6 19. Qg6+ Kd8 20. Bb3 Qd6 21.
Qxd6+ Bxd6 22. Re1 Re8 23. Bf7 Re7 24. Bxh5 Nd5 25. f5 Nf4 26. Bg4 Kc7 27. c4 Nd3 28. c5 Bf4 29. Bxf4+ Nxf4 30. Re3 Nd5 31. Rh3 Rd8 32.
Rh7 Rf8 33. Re1 Kd8 34. Kg2 Nb4 35. Kg3 Nc2 36. Re2 Nb4 37. a3 Nd3 38. h4 Rfe8 39. h5 Rd7 40. f6 Rxd4 41. fxg7 Ne5 42. Rh8 Rd3+ 43. Kh4 1-0

[Event "Late-Titled-Tuesday-Blitz-February-06-2024"]
[Site "Chess.com"]
[Date "2024.02.06"]
[Round "1"]
[White "Njal28"]
[Black "cristianserban1"]
[Result "1-0"]
[WhiteElo "3025"]
[BlackElo "2519"]
[TimeControl "180+1"]
[EndTime "14:07:16 PST"]
[Termination "Njal28 won by resignation"]

1. d4 Nf6 2. c4 e6 3. Nc3 Bb4 4. e3 O-O 5. a3 Bxc3+ 6. bxc3 d6 7. Ne2 c5 8. Ng3 b6 9. e4 Bb7 10. Bd3 Nc6 11. Be3 Rc8 12. Rc1 cxd4 13. cxd4 Na5 14. O-O Ba6 15. Qe2 Qd7 16. Bg5 Ne8 17. e5 Nb3 18. Rcd1 g6 19. Bh6 Nxd4 20. Qe3 dxe5 21.
Bxf8 Kxf8 22. Qxe5 f6 23. Qe3 Bxc4 24. Bxc4 Rxc4 25.
f4 Qa4 26. Kh1 Nd6 27. f5 N6xf5 28. Nxf5 gxf5 29. Qh6+ Ke7 30. Qg7+ Kd6 31. Qxf6 Kd5 32.
Rfe1 Qd7 33. Rxd4+ Rxd4 34. Qxd4+ Kxd4 35. Rd1+ Ke3 36. Rxd7 e5 37. Kg1 Ke2 38. Rd5 e4 39. Rxf5 e3 40.
Re5 a6 41. g4 b5 42. Kg2 Kd2 43. Kf3 a5 44. Rxe3 1-0

[Event "Late-Titled-Tuesday-Blitz-February-06-2024"]
[Site "Chess.com"]
[Date "2024.02.06"]
[Round "1"]
[White "dedpihto_v_kozhanom_palto"]
[Black "KorolDimitriy75"]
[Result "1-0"]
[WhiteElo "2683"]
[BlackElo "2372"]
[TimeControl "180+1"]
[EndTime "14:07:17 PST"]
[Termination "dedpihto_v_kozhanom_palto won on time"]

1. c4 c5 2. Nc3 g6 3. e3 Bg7 4. d4 Nf6 5. Nf3 cxd4 6. exd4 d5 7. cxd5 Nxd5 8. Be2 O-O 9. O-O Nc6 10. Be3 b6 11.
Rc1 Bb7 12. Re1 Rc8 13. Qd2 Nxe3 14. fxe3 e6 15. Red1 Qe7 16. Ne1 Rfd8 17. Bf3 Na5 18. Qf2 h6 19. b3 Bxf3 20. Nxf3 Qb4 21. Ne4 Qa3 22. Rxc8 Rxc8 23. Ne5 Qe7 24. Qxf7+ Qxf7 25. Nxf7 Rc2 26. Nd8 Rxa2 27. Nxe6 Re2 28. Rd3 Bf8 29. d5 Nb7 30. d6 Nxd6 31. Nxd6 Bxd6 32. Kf1 Rb2 33.
Rxd6 Rxb3 34. Kf2 a5 35. Rd8+ Kf7 36. Nd4 Rb2+ 37. Kf3 a4 38. Ra8 b5 39. Ra5 Kf6 40. Nxb5 Ke5 41. Nd4+ Kd6 42. Rxa4 Kc5 43. Ra5+ Kc4 44. Ra6 Kd3 45. Rxg6 Rb1 46. Rxh6 Rf1+ 47. Kg3 Kxe3 48. Nf3 Ra1 49. Re6+ Kd3 50. h4 Ra8 51. h5 Rg8+ 52. Kh3 Rh8 53. h6 Kc4 54. g4 Kd5 55. Rf6 Ke4 56. Kg3 Kd5 57. g5 Ke4 58. Kg4 Kd5 59. Nh4 Ke4 60. Ng6 Rh7 61. Re6+ Kd5 62. Re7 Rxe7 63. Nxe7+ Ke6 64. h7 Kf7 65.
h8=Q Ke6 66. Qf6+ Kd7 67. Nd5 1-0

[Event "Late-Titled-Tuesday-Blitz-February-06-2024"]
[Site "Chess.com"]
[Date "2024.02.06"]
[Round "1"]
[White "DonMicheleCorleone"]
[Black "Harsha_Bharathakoti"]
[Result "0-1"]
[WhiteElo "2484"]
[BlackElo "2908"]
[TimeControl "180+1"]
[EndTime "14:07:19 PST"]
[Termination "Harsha_Bharathakoti won by resignation"]

1. e4 c5 2. c3 Nf6 3. e5 Nd5 4. d4 cxd4 5. Qxd4 e6 6. Nf3 Nc6 7. Qe4 f5 8. exf6 Nxf6 9. Qh4 d5 10.
Bd3 e5 11. Bg6+ Kd7 12. Bf5+ Kc7 13. Bxc8 Rxc8 14. O-O Kb8 15. Re1 Bd6 16. Bg5 e4 17. Nfd2 Ne5 18. Nb3 Nd3 19. Re2 h6 20. Bxf6 gxf6 21.
Nd4 Rg8 22. g3 Be5 23. Nf5 Qd7 24. Ne3 f5 25. Na3 f4 26. Nf1 Rg4 27. Qh5 f3 28. Rd2 Rg5 29. Qxh6 Bf4 30. Qf6 Bxd2 31.
Nxd2 Qh3 32. Nxf3 exf3 33. Qxf3 Rh5 34. Qg2 Rch8 35. Rd1 Qxg2+ 36. Kxg2 Rxh2+ 37. Kf3 Rf8+ 38. Ke3 Nxf2 39. Rxd5 Ng4+ 40. Kd3 Rxb2 41. Nc4 Rxa2 42. Rg5 Nf2+ 43. Kd4 Rd8+ 44. Ke3 Nd1+ 45. Ke4 Nxc3+ 46. Ke5 Re2+ 47. Kf6 Ne4+ 0-1

[Event "Late-Titled-Tuesday-Blitz-February-06-2024"]
[Site "Chess.com"]
[Date "2024.02.06"]
[Round "1"]
[White "ProfessorChess101"]
[Black "19912131712118"]
[Result "1-0"]
[WhiteElo "2818"]
[BlackElo "2437"]
[TimeControl "180+1"]
[EndTime "14:07:20 PST"]
[Termination "ProfessorChess101 won on time"]

1. d4 d5 2. c4 dxc4 3. Nf3 Nf6 4. e3 e6 5. Bxc4 c5 6. O-O a6 7. b3 Be7 8. Bb2 O-O 9. Nbd2 Nc6 10. Rc1 cxd4 11.
Nxd4 Nxd4 12. Bxd4 b5 13. Be2 Bb7 14. Bf3 Nd5 15.
Ne4 Rc8 16. Nc5 Bxc5 17. Bxc5 Re8 18. Qd2 Qg5 19. Ba3 Red8 20. Rxc8 Rxc8 21. Qd4 Qd8 22.
Rd1 Qc7 23. Bb2 f6 24. h4 Ne7 25. Rc1 Nc6 26. Qg4 Qe7 27. Qg3 Kf7 28. h5 g6 29. Be4 f5 30. Bxc6 Rxc6 31. Rxc6 Bxc6 32.
Qe5 Qd7 33. Qg7+ Ke8 34. Qg8+ Ke7 35. Ba3+ Kf6 36. Qf8+ Kg5 37. Be7+ Kxh5 38. Qf6 Qd1+ 39. Kh2 1-0

[Event "Late-Titled-Tuesday-Blitz-February-06-2024"]
[Site "Chess.com"]
[Date "2024.02.06"]
[Round "1"]
[White "Sokoloco"]
[Black "NovakRatko"]
[Result "1-0"]
[WhiteElo "2793"]
[BlackElo "2417"]
[TimeControl "180+1"]
[EndTime "14:07:20 PST"]
[Termination "Sokoloco won by resignation"]

1. b3 d5 2. Nf3 c5 3. e3 Nc6 4. d4 f6 5. Bb2 cxd4 6. exd4 Bg4 7. Be2 e6 8. O-O Bd6 9. c4 Nge7 10.
h3 Bh5 11. Kh1 O-O 12. Nc3 Qd7 13. cxd5 exd5 14. Ng1 Bf7 15. Bg4 f5 16. Bf3 Rae8 17.
Nge2 Bb8 18. Ba3 a6 19. Qd2 b5 20. Bc5 Qc7 21. g3 Qd7 22. Nf4 Rd8 23. Rae1 Rfe8 24.
h4 h6 25. h5 Bxf4 26. Qxf4 Rc8 27. Re2 Rcd8 28. Rfe1 Rc8 29. Qh4 Rc7 30. Kg1 b4 31. Na4 Nc8 32. Rxe8+ Bxe8 33. Bxd5+ Qxd5 34. Rxe8+ Kh7 35. Qf4 Qd7 36. Rf8 N8e7 37. Nb6 Rc8 38. Nxd7 1-0

[Event "Late-Titled-Tuesday-Blitz-February-06-2024"]
[Site "Chess.com"]
[Date "2024.02.06"]
[Round "1"]
[White "Witik"]
[Black "EsmeraldasAnderson03"]
[Result "1-0"]
[WhiteElo "2749"]
[BlackElo "2404"]
[TimeControl "180+1"]
[EndTime "14:07:20 PST"]
[Termination "Witik won by resignation"]

1. e4 c5 2. c3 Nf6 3. e5 Nd5 4. Nf3 d6 5. Bb5+ Bd7 6. Bc4 Nb6 7. Bxf7+ Kxf7 8. e6+ Kg8 9. exd7 Qxd7 10. d4 cxd4 11. cxd4 Nc6 12. O-O e6 13. Nc3 h6 14. d5 exd5 15.
Be3 Qf7 16. Bxb6 axb6 17. Nxd5 b5 18. Qd3 b4 19. Rfe1 Ra5 20. Rad1 g5 21. h3 Bg7 22. Ne3 Be5 23. Nc4 Rc5 24. Nxd6 Bxd6 25. Qxd6 Rf5 26. Re6 Kg7 27. Nd4 Nxd4 28. Qxd4+ Rf6 29. Rde1 Kg6 30. Qe4+ Kh5 31. Qg4+ Kg6 32. Rxf6+ Qxf6 33. Re6 Rf8 34. Rxf6+ Rxf6 35. Qxb4 b6 36. a4 1-0

[Event "Late-Titled-Tuesday-Blitz-February-06-2024"]
[Site "Chess.com"]
[Date "2024.02.06"]
[Round "1"]
[White "Adar_07"]
[Black "Godzillator"]
[Result "0-1"]
[WhiteElo "2714"]
[BlackElo "2419"]
[TimeControl "180+1"]
[EndTime "14:07:20 PST"]
[Termination "Godzillator won by resignation"]

1. e4 d5 2. exd5 Qxd5 3. Nc3 Qd8 4. d4 c6 5. Bc4 Nf6 6. Nf3 Bf5 7. Bg5 e6 8. Qd2 Be7 9. O-O-O Nbd7 10. Nh4 Bg6 11. Nxg6 hxg6 12. h4 Qa5 13. Kb1 O-O-O 14. Rhe1 Bb4 15. Bb3 Nc5 16. Qf4 Nxb3 17. axb3 Qf5 18.
Qxf5 gxf5 19. Rh1 Bxc3 20. bxc3 Rd5 21. Bxf6 gxf6 22. f4 Rh5 23. Rdg1 Kd7 24. Kb2 Ke7 25. g3 Rd8 26. Kc1 Rg8 27. Kd2 Kd6 28. Ke3 Ke7 29. Kf3 a6 30. g4 fxg4+ 31. Rxg4 Rgh8 32. Kg3 f5 33. Rg5 R5h6 34. h5 Kf6 35. c4 Rd8 36.
c3 c5 37. Rd1 b5 38. cxb5 axb5 39. Kf3 b4 40. cxb4 cxd4 41. b5 e5 42. b6 e4+ 43.
Kg3 d3 44. Rc1 d2 45. Rd1 Rd3+ 46. Kf2 e3+ 47. Ke2 Rxb3 48. b7 Rh8 49. Rg3 Rxh5 50.
Rxe3 Rh2+ 0-1

[Event "Late-Titled-Tuesday-Blitz-February-06-2024"]
[Site "Chess.com"]
[Date "2024.02.06"]
[Round "1"]
[White "rasmussvane"]
[Black "Slovak_fighter2000"]
[Result "1-0"]
[WhiteElo "2974"]
[BlackElo "2512"]
[TimeControl "180+1"]
[EndTime "14:07:21 PST"]
[Termination "rasmussvane won on time"]

1. Nf3 Nf6 2. g3 d5 3. Bg2 Nbd7 4. d4 Nb6 5. Nc3 Bf5 6. Nh4 e6 7. Nxf5 exf5 8. Qd3 g6 9. Bg5 Bg7 10. O-O O-O 11.
a4 a5 12. e3 c6 13. Ne2 Nc4 14. b3 Nd6 15. c4 Nde4 16. Bxf6 Nxf6 17. Rfc1 Qd6 18.
Nf4 dxc4 19. bxc4 c5 20. Rab1 Rad8 21. Nd5 Nxd5 22. Bxd5 b6 23. Rb5 cxd4 24. exd4 Qf6 25. Rd1 Rd6 26. Rb2 Rfd8 27. Re2 h5 28. Kg2 Kh7 29.
Qf3 R6d7 30. Qf4 Qd6 31. Qf3 Qb4 32. Ra2 Qd6 33. Rb2 Qf6 34. h3 Rd6 35. Re2 Qg5 36. Bxf7 Rxd4 37. Rxd4 Bxd4 38. Re6 Bf6 39. h4 Qg4 40.
Rxf6 Rd2 41. Bxg6+ 1-0

[Event "Late-Titled-Tuesday-Blitz-February-06-2024"]
[Site "Chess.com"]
[Date "2024.02.06"]
[Round "1"]
[White "ukchessbomber"]
[Black "Teidi96"]
[Result "1-0"]
[WhiteElo "2656"]
[BlackElo "2339"]
[TimeControl "180+1"]
[EndTime "14:07:23 PST"]
[Termination "ukchessbomber won by resignation"]

1. c3 e5 2. e4 Nc6 3. Bc4 Bc5 4.
Qh5 g6 5. Qf3 Qf6 6. b4 Bb6 7.
a4 a6 8. a5 Ba7 9. Na3 d6 10.
Nc2 Be6 11. Bd5 Bxd5 12. exd5 Nce7 13. c4 Qxf3 14. Nxf3 h6 15. d4 exd4 16. Bb2 O-O-O 17. Ncxd4 Rh7 18. Kd2 Nf6 19. Rhe1 Kd7 20. Nc6 bxc6 21. Bxf6 Re8 22. Rxe7+ Rxe7 23. dxc6+ Ke8 24. Bxe7 Kxe7 25. b5 Bxf2 26. Rb1 Rh8 27. b6 Rc8 28. Kd3 Kd8 29.
Nd4 Rb8 30. b7 Ke7 31. Rb6 d5 32. c5 cxb6 33. axb6 Bxd4 34. Kxd4 a5 35. c7 Rxb7 36.
c8=Q Rd7 37. b7 1-0

[Event "Late-Titled-Tuesday-Blitz-February-06-2024"]
[Site "Chess.com"]
[Date "2024.02.06"]
[Round "1"]
[White "ameetghasi100"]
[Black "elchacal664"]
[Result "1-0"]
[WhiteElo "2744"]
[BlackElo "2402"]
[TimeControl "180+1"]
[EndTime "14:07:24 PST"]
[Termination "ameetghasi100 won by resignation"]

1. c4 d6 2. d4 e5 3. Nc3 exd4 4. Qxd4 Nf6 5. Qd2 g6 6. g3 Bg7 7.
Nh3 O-O 8. Nf4 Nc6 9. Bg2 Re8 10. O-O Ng4 11. b3 h5 12. Bb2 h4 13. Ncd5 hxg3 14.
hxg3 Nce5 15. Rad1 Bd7 16. f3 Nh6 17. e4 f5 18.
Bxe5 dxe5 19. Nxg6 f4 20. gxf4 exf4 21. Ndxf4 Bc6 22.
Qxd8 Raxd8 23. Ne7+ Kf7 24. Nxc6 bxc6 25. Ne2 Ng8 26.
f4 Bf8 27. Kf2 Bc5+ 28. Kf3 Ne7 29. Bh3 Ng6 30. e5 Kg7 31. Ng3 Rf8 32. Nf5+ Kh7 33.
Ke4 Rde8 34. Bg4 Kg8 35. Bh5 Re6 36. Rd7 Ne7 37. Bg4 Nxf5 38. Bxf5 Re7 39. Rxe7 Bxe7 40. Rg1+ Kh8 41. Rg6 c5 42. Rc6 1-0

[Event "Late-Titled-Tuesday-Blitz-February-06-2024"]
[Site "Chess.com"]
[Date "2024.02.06"]
[Round "1"]
[White "Andrei_Skvortsov"]
[Black "Sacbutt"]
[Result "1-0"]
[WhiteElo "2678"]
[BlackElo "2358"]
[TimeControl "180+1"]
[EndTime "14:07:24 PST"]
[Termination "Andrei_Skvortsov won by resignation"]

1. e4 c5 2. d4 cxd4 3. Qxd4 Nc6 4. Qd3 g6 5. Nf3 Bg7 6. Be2 d6 7. O-O Nf6 8. Nc3 O-O 9. Nd5 Bd7 10. Bg5 Nxd5 11.
exd5 Ne5 12. Nxe5 Bxe5 13. Qb3 b6 14. a4 Re8 15. c3 Bf5 16. Rfe1 Bg7 17. Bb5 Bd7 18. Bf1 h6 19. Be3 Qc7 20. Qb4 Kh7 21.
a5 bxa5 22. Rxa5 Reb8 23. Qa3 Rb7 24. Bc1 e6 25. dxe6 Bxe6 26. g3 Rb3 27. Qa4 Qb6 28.
Ra6 Qb8 29. Bg2 d5 30. h4 Rb6 31. h5 g5 32. Bf1 Rxa6 33. Qxa6 Qb6 34. Bd3+ Kg8 35. Qa3 Rb8 36. b4 Rc8 37. Bd2 Rb8 38. Be3 d4 39. cxd4 Bxd4 40. Bxd4 Qxd4 41. Re4 Qd6 42. Qxa7 Qxd3 43. Qxb8+ Kg7 44. Qe5+ Kg8 45. Rd4 Qf3 46. Rd8+ 1-0

[Event "Late-Titled-Tuesday-Blitz-February-06-2024"]
[Site "Chess.com"]
[Date "2024.02.06"]
[Round "1"]
[White "HanSchut"]
[Black "Fh2411"]
[Result "0-1"]
[WhiteElo "2258"]
[BlackElo "2611"]
[TimeControl "180+1"]
[EndTime "14:07:24 PST"]
[Termination "Fh2411 won on time"]

1. e4 c6 2. d4 d5 3. exd5 cxd5 4. c4 Nf6 5. Nc3 e6 6. Nf3 Bb4 7. cxd5 exd5 8. Bb5+ Nc6 9. Ne5 O-O 10. Bxc6 bxc6 11.
O-O Bxc3 12. bxc3 Qa5 13. Bd2 Qa6 14. f3 Be6 15. Bg5 Nd7 16. Nxd7 Bxd7 17. Re1 Be6 18. Be7 Rfb8 19. Qd2 Rb7 20. Qg5 Qd3 21. Re3 Rb1+ 22. Kf2 Rb2+ 23. Kg3 Qd2 24. Kf4 h6 25.
Qg3 Qxg2 26. Qxg2 Rxg2 27. Bc5 Rxh2 28. a4 Rd8 29. Rb1 Rd7 30. Rb8+ Kh7 31. Re1 Rg2 32. Ke3 Rc2 33. Kd3 Bf5+ 34. Ke3 Rxc3+ 35. Kf4 Be6 36. Ke5 Rxf3 0-1